TOP OF THE 1ST |
Oakland Athletics batting - Pitching for Seattle Mariners : RHP William de Jesus
|
Pitching: RHP William de Jesus
|
|
Batting: LHB R.J. O'Brien
|
0-0: Swinging Strike 0-1: Swinging Strike 0-2: Foul Ball, location: 2F 0-2: Strikes out swinging
|
Batting: LHB Tom Butterbaugh
|
0-0: Ball 1-0: Ball 2-0: Ball 3-0: Base on Balls
|
Batting: RHB Muneo Kawachi
|
0-0: Ball 1-0: Grounds into double play, 6-4-3 (Groundball, 6, EV 83.1 MPH)
|
Top of the 1st over - 0 runs, 0 hits, 0 errors, 0 left on base; Oakland 0 - Seattle 0 |
BOTTOM OF THE 1ST |
Seattle Mariners batting - Pitching for Oakland Athletics : RHP Elijah Daniels
|
Pitching: RHP Elijah Daniels
|
|
Batting: LHB Jerrod Cluck
|
0-0: Ball 1-0: Swinging Strike 1-1: Foul Ball, location: 2F 1-2: Foul Ball, location: 2F 1-2: Strikes out swinging
|
Batting: LHB Dae-ik Yoon
|
0-0: Called Strike 0-1: Ball 1-1: Foul Ball, location: 2F 1-2: Foul Ball, location: 2F 1-2: Ground out 6-3 (Groundball, 6, EV 81.9 MPH)
|
Batting: RHB Steve Jordan
|
0-0: Swinging Strike 0-1: Foul Ball, location: 2F 0-2: Foul Ball, location: 2F 0-2: Ball 1-2: Ground out 6-3 (Groundball, 6, EV 86.2 MPH)
|
Bottom of the 1st over - 0 runs, 0 hits, 0 errors, 0 left on base; Oakland 0 - Seattle 0 |
TOP OF THE 2ND |
Oakland Athletics batting - Pitching for Seattle Mariners : RHP William de Jesus
|
Batting: RHB Jorge Severiano
|
0-0: Called Strike 0-1: Ball 1-1: Foul Ball, location: 2F 1-2: Foul Ball, location: 2F 1-2: Foul Ball, location: 2F 1-2: DOUBLE (Groundball, 5L, EV 106.2 MPH)
|
Batting: LHB Jeff Luvisi
|
0-0: Ball 1-0: Ball 2-0: Fly out, F7 (Flyball, 7, EV 87.5 MPH)
|
Batting: RHB David Herrera
|
0-0: Ball 1-0: Swinging Strike 1-1: Called Strike 1-2: Strikes out swinging
|
Batting: SHB Ryan Langlois
|
0-0: Ball 1-0: Called Strike 1-1: Swinging Strike 1-2: Strikes out looking
|
Top of the 2nd over - 0 runs, 1 hit, 0 errors, 1 left on base; Oakland 0 - Seattle 0 |
BOTTOM OF THE 2ND |
Seattle Mariners batting - Pitching for Oakland Athletics : RHP Elijah Daniels
|
Batting: RHB Pavpv Ivanushkin
|
0-0: Called Strike 0-1: SINGLE (Groundball, 5S, EV 66.2 MPH) (infield hit)
|
Batting: RHB Harutomi Matsubara
|
0-0: Ball 1-0: Ball 2-0: Foul Ball, location: 2F 2-1: Foul Ball, location: 2F 2-2: Ground out 4-3 (Groundball, 34S, EV 83.1 MPH) Pavpv Ivanushkin to second
|
Batting: RHB Jimmy Hammertime
|
0-0: Ball 1-0: Ground out U3 (Groundball, 34, EV 87.5 MPH) Pavpv Ivanushkin to third
|
Batting: SHB Ray Skogen
|
0-0: Swinging Strike 0-1: Swinging Strike 0-2: Foul Ball, location: 2F 0-2: Ball 1-2: Strikes out swinging
|
Bottom of the 2nd over - 0 runs, 1 hit, 0 errors, 1 left on base; Oakland 0 - Seattle 0 |
TOP OF THE 3RD |
Oakland Athletics batting - Pitching for Seattle Mariners : RHP William de Jesus
|
Batting: RHB Chris Prinzing
|
0-0: Ground out U3 (Groundball, 3, EV 88.8 MPH)
|
Batting: RHB Larry Clark
|
0-0: Foul Ball, location: 2F 0-1: Called Strike 0-2: Strikes out swinging
|
Batting: LHB R.J. O'Brien
|
0-0: Foul Ball, location: 2F 0-1: Swinging Strike 0-2: Ball 1-2: Foul Ball, location: 2F 1-2: Strikes out swinging
|
Top of the 3rd over - 0 runs, 0 hits, 0 errors, 0 left on base; Oakland 0 - Seattle 0 |
BOTTOM OF THE 3RD |
Seattle Mariners batting - Pitching for Oakland Athletics : RHP Elijah Daniels
|
Batting: RHB Rick Ellis
|
0-0: Ball 1-0: DOUBLE (Line Drive, 3D, EV 102.5 MPH)
|
Batting: RHB Young-kwang Ohnn
|
0-0: Hit by Pitch
|
Batting: LHB Jerrod Cluck
|
0-0: Ball 1-0: Ball 2-0: Fly out, F6 (Popup, 6, EV 51.9 MPH)
|
Batting: LHB Dae-ik Yoon
|
0-0: Ball 1-0: Called Strike 1-1: Ball 2-1: Ball 3-1: Swinging Strike 3-2: Foul Ball, location: 2F 3-2: Fielders Choice at 2nd, 4-6 (Groundball, 4, EV 78.8 MPH) Rick Ellis to third
|
Batting: RHB Steve Jordan
|
0-0: Called Strike 0-1: Ball 1-1: Ball 2-1: Ball 3-1: Base on Balls Dae-ik Yoon to second
|
Batting: RHB Pavpv Ivanushkin
|
0-0: Fly out, F3 (Popup, 3S, EV 89.4 MPH)
|
Bottom of the 3rd over - 0 runs, 1 hit, 0 errors, 3 left on base; Oakland 0 - Seattle 0 |
TOP OF THE 4TH |
Oakland Athletics batting - Pitching for Seattle Mariners : RHP William de Jesus
|
Batting: LHB Tom Butterbaugh
|
0-0: DOUBLE (Groundball, 5L, EV 103.8 MPH)
|
Batting: RHB Muneo Kawachi
|
0-0: SINGLE (Groundball, 25, EV 68.1 MPH) (infield hit) Tom Butterbaugh to third
|
Batting: RHB Jorge Severiano
|
0-0: Ball 1-0: Foul Ball, location: 2F 1-1: Ball 2-1: Grounds into double play, 6-4-3 (Groundball, 6S, EV 90.0 MPH) Tom Butterbaugh scores
|
Batting: LHB Jeff Luvisi
|
0-0: Ball 1-0: Called Strike 1-1: Ball 2-1: TRIPLE (Flyball, 8RXD, EV 106.2 MPH)
|
Batting: RHB David Herrera
|
0-0: Called Strike 0-1: Swinging Strike 0-2: Hit by Pitch
|
Batting: SHB Ryan Langlois
|
0-0: Swinging Strike 0-1: Fielders Choice at 2nd, 5-4 (Groundball, 5, EV 90.0 MPH)
|
Top of the 4th over - 1 run, 3 hits, 0 errors, 2 left on base; Oakland 1 - Seattle 0 |
BOTTOM OF THE 4TH |
Seattle Mariners batting - Pitching for Oakland Athletics : RHP Elijah Daniels
|
Batting: RHB Harutomi Matsubara
|
0-0: Foul Ball, location: 2F 0-1: DOUBLE (Line Drive, 9LM, EV 105.0 MPH)
|
Batting: RHB Jimmy Hammertime
|
0-0: Ball 1-0: Foul Ball, location: 2F 1-1: Foul Ball, location: 2F 1-2: DOUBLE (Groundball, 5L, EV 106.2 MPH) Harutomi Matsubara scores
|
Batting: SHB Ray Skogen
|
0-0: Foul Ball, location: 2F 0-1: Foul Ball, location: 2F 0-2: Ball 1-2: Ball 2-2: Foul Ball, location: 2F 2-2: Strikes out looking
|
Pitching: RHP Andrew Douglas
|
|
Batting: RHB Rick Ellis
|
0-0: Ball 1-0: Ball 2-0: Called Strike 2-1: Swinging Strike 2-2: Ground out 4-3 (Groundball, 4S, EV 70.0 MPH) Jimmy Hammertime to third
|
Batting: RHB Young-kwang Ohnn
|
0-0: SINGLE (Line Drive, 9S, EV 102.5 MPH) Jimmy Hammertime scores
|
Batting: LHB Jerrod Cluck
|
0-0: Ball 1-0: Foul Ball, location: 2F 1-1: Fielders Choice at 2nd, 6-4 (Groundball, 56D, EV 83.1 MPH)
|
Bottom of the 4th over - 2 runs, 3 hits, 0 errors, 1 left on base; Oakland 1 - Seattle 2 |
TOP OF THE 5TH |
Oakland Athletics batting - Pitching for Seattle Mariners : RHP William de Jesus
|
Now at 1B: Hideo Okimura
|
|
Now at 2B: Brad Robidas
|
|
Batting: RHB Chris Prinzing
|
0-0: Fly out, F7 (Flyball, 7, EV 97.5 MPH)
|
Batting: RHB Larry Clark
|
0-0: Ball 1-0: Swinging Strike 1-1: Ground out 6-3 (Groundball, 6S, EV 85.0 MPH)
|
Batting: LHB R.J. O'Brien
|
0-0: Called Strike 0-1: Called Strike 0-2: Ball 1-2: Ball 2-2: Ball 3-2: DOUBLE (Line Drive, 3D, EV 96.9 MPH)
|
Batting: LHB Tom Butterbaugh
|
0-0: Ball 1-0: Called Strike 1-1: Swinging Strike 1-2: Ball 2-2: Foul Ball, location: 2F 2-2: Foul Ball, location: 2F 2-2: Strikes out swinging
|
Top of the 5th over - 0 runs, 1 hit, 0 errors, 1 left on base; Oakland 1 - Seattle 2 |
BOTTOM OF THE 5TH |
Seattle Mariners batting - Pitching for Oakland Athletics : RHP Andrew Douglas
|
Now at C: Al Hernandez
|
|
Now at 2B: Robert Santiago
|
|
Now at SS: Larry Clark
|
|
Now in CF: Tomas Segarra
|
|
Batting: LHB Dae-ik Yoon
|
0-0: Called Strike 0-1: Swinging Strike 0-2: Ball 1-2: Ball 2-2: Ball 3-2: Base on Balls
|
Pinch Hitting: LHB Tommy Luce
|
0-0: Ball 1-0: 2-RUN HOME RUN (Flyball, 9D, EV 99.4 MPH), Distance : 370 ft
|
Batting: RHB Brad Robidas
|
0-0: Ball 1-0: Called Strike 1-1: Swinging Strike 1-2: Strikes out swinging
|
Pinch Hitting: RHB Malik Brookshire
|
0-0: Called Strike 0-1: Foul Ball, location: 2F 0-2: DOUBLE (Line Drive, 8LXD, EV 100.6 MPH)
|
Batting: RHB Jimmy Hammertime
|
0-0: SINGLE (Groundball, 4MD, EV 102.5 MPH) Malik Brookshire to third Runner from 3rd tries for Home, SAFE, throw by CF to home
|
Pitching: RHP Carlos Alaniz
|
|
Batting: SHB Ray Skogen
|
0-0: Swinging Strike 0-1: Ball 1-1: Called Strike 1-2: Ball 2-2: Fly out, F8 (Flyball, 8LM, EV 90.0 MPH)
|
Batting: RHB Hideo Okimura
|
0-0: Ball 1-0: Ball 2-0: Foul Ball, location: 2F 2-1: Fly out, F9 (Flyball, 9, EV 88.1 MPH)
|
Bottom of the 5th over - 3 runs, 3 hits, 0 errors, 1 left on base; Oakland 1 - Seattle 5 |
TOP OF THE 6TH |
Oakland Athletics batting - Pitching for Seattle Mariners : RHP William de Jesus
|
Pitching: RHP Omar Colunga
|
|
Now at SS: Malik Brookshire
|
|
Now in LF: Tommy Luce
|
|
Batting: SHB Robert Santiago
|
0-0: Ball 1-0: Foul Ball, location: 2F 1-1: Foul Ball, location: 2F 1-2: Strikes out swinging
|
Batting: LHB Tomas Segarra
|
0-0: Ball 1-0: Called Strike 1-1: Swinging Strike 1-2: Foul Ball, location: 2F 1-2: Foul Ball, location: 2F 1-2: Ball 2-2: Foul Ball, location: 2F 2-2: Strikes out looking
|
Pinch Hitting: LHB Juan Concepcion
|
0-0: Ball 1-0: Foul Ball, location: 2F 1-1: Ball 2-1: SINGLE (Groundball, 4MD, EV 106.9 MPH)
|
Pinch Hitting: RHB Jason May
|
0-0: Ball 1-0: Foul Ball, location: 2F 1-1: Ball 2-1: Foul Ball, location: 2F 2-2: Ball 3-2: Foul Ball, location: 2F 3-2: Strikes out swinging, 2-3 out at first.
|
Top of the 6th over - 0 runs, 1 hit, 0 errors, 1 left on base; Oakland 1 - Seattle 5 |
BOTTOM OF THE 6TH |
Seattle Mariners batting - Pitching for Oakland Athletics : RHP Carlos Alaniz
|
Pitching: RHP Jesus Gonzales
|
|
Now at 1B: Jason May
|
|
Now in RF: Juan Concepcion
|
|
Batting: RHB Young-kwang Ohnn
|
0-0: Called Strike 0-1: Ball 1-1: Ball 2-1: Foul Ball, location: 2F 2-2: Strikes out swinging
|
Batting: RHB Jose Vasquez
|
0-0: Ball 1-0: Ground out 5-3 (Groundball, 56, EV 80.6 MPH)
|
Pinch Hitting: LHB Josh Pittman
|
0-0: Ground out 1-3 (Groundball, P, EV 65.0 MPH)
|
Bottom of the 6th over - 0 runs, 0 hits, 0 errors, 0 left on base; Oakland 1 - Seattle 5 |
TOP OF THE 7TH |
Oakland Athletics batting - Pitching for Seattle Mariners : RHP Omar Colunga
|
Pitching: RHP Jake Underhill
|
|
Now in RF: Josh Pittman
|
|
Batting: LHB Al Hernandez
|
0-0: Called Strike 0-1: Foul Ball, location: 2F 0-2: Strikes out swinging
|
Batting: SHB Quincy Bradford
|
0-0: Foul Ball, location: 2F 0-1: Ball 1-1: Foul Ball, location: 2F 1-2: Strikes out swinging
|
Pinch Hitting: RHB Tim Cordle
|
0-0: Called Strike 0-1: Ball 1-1: Called Strike 1-2: Ball 2-2: Foul Ball, location: 2F 2-2: Foul Ball, location: 2F 2-2: Foul Ball, location: 2F 2-2: Ball 3-2: Foul Ball, location: 2F 3-2: Foul Ball, location: 2F 3-2: Foul Ball, location: 2F 3-2: Foul Ball, location: 2F 3-2: Strikes out looking
|
Top of the 7th over - 0 runs, 0 hits, 0 errors, 0 left on base; Oakland 1 - Seattle 5 |
BOTTOM OF THE 7TH |
Seattle Mariners batting - Pitching for Oakland Athletics : RHP Jesus Gonzales
|
Now at 2B: Tim Cordle
|
|
Now at SS: Robert Santiago
|
|
Batting: LHB Tommy Luce
|
0-0: Foul Ball, location: 2F 0-1: Fly out, F7 (Flyball, 78D, EV 92.5 MPH)
|
Batting: RHB Brad Robidas
|
0-0: Called Strike 0-1: Ball 1-1: Ball 2-1: Foul Ball, location: 2F 2-2: Ball 3-2: Base on Balls
|
Batting: RHB Malik Brookshire
|
0-0: Called Strike Brad Robidas steals 2nd base (no throw) 0-1: SINGLE (Popup, 5D, EV 51.9 MPH) Brad Robidas to third
|
Batting: RHB Jimmy Hammertime
|
0-0: Ball 1-0: Ball 2-0: Swinging Strike 2-1: Foul Ball, location: 2F 2-2: Foul Ball, location: 2F 2-2: Strikes out looking
|
Batting: SHB Ray Skogen
|
0-0: Called Strike 0-1: SINGLE (Flyball, 8LS, EV 92.5 MPH) Brad Robidas scores Malik Brookshire to second Runner from 2nd tries for 3rd, SAFE, no throw by CF
|
Batting: RHB Hideo Okimura
|
0-0: Ball 1-0: Swinging Strike 1-1: Ball 2-1: Called Strike 2-2: Ball 3-2: SINGLE (Groundball, 56S, EV 68.8 MPH) (infield hit) Malik Brookshire scores Ray Skogen to second
|
Batting: RHB Young-kwang Ohnn
|
0-0: Ball Wild Pitch! Ray Skogen to third Hideo Okimura to second 1-0: Swinging Strike 1-1: Swinging Strike 1-2: Strikes out swinging
|
Bottom of the 7th over - 2 runs, 3 hits, 0 errors, 2 left on base; Oakland 1 - Seattle 7 |
TOP OF THE 8TH |
Oakland Athletics batting - Pitching for Seattle Mariners : RHP Jake Underhill
|
Pinch Hitting: RHB Nick Gentzel
|
0-0: Ball 1-0: Swinging Strike 1-1: Ball 2-1: Swinging Strike 2-2: Strikes out swinging
|
Pinch Hitting: RHB Randy Shrewsbury
|
0-0: Ball 1-0: Swinging Strike 1-1: Ball 2-1: Foul Ball, location: 2F 2-2: Strikes out swinging
|
Batting: SHB Robert Santiago
|
0-0: Called Strike 0-1: Ball 1-1: Called Strike 1-2: Strikes out swinging
|
Top of the 8th over - 0 runs, 0 hits, 0 errors, 0 left on base; Oakland 1 - Seattle 7 |
BOTTOM OF THE 8TH |
Seattle Mariners batting - Pitching for Oakland Athletics : RHP Jesus Gonzales
|
Pitching: RHP Victor Sanchez
|
|
Now at 2B: Randy Shrewsbury
|
|
Now at 3B: Tim Cordle
|
|
Now in LF: Nick Gentzel
|
|
Batting: RHB Jose Vasquez
|
0-0: Ball 1-0: Ball 2-0: Called Strike 2-1: Ground out 6-3 (Groundball, 6, EV 88.8 MPH)
|
Batting: LHB Josh Pittman
|
0-0: Ball 1-0: Foul Ball, location: 2F 1-1: Foul Ball, location: 2F 1-2: Strikes out swinging
|
Batting: LHB Tommy Luce
|
0-0: Ball 1-0: Ball 2-0: Foul Ball, location: 2F 2-1: Ball 3-1: Swinging Strike 3-2: Fly out, F9 (Flyball, 9LMF, EV 80.6 MPH)
|
Bottom of the 8th over - 0 runs, 0 hits, 0 errors, 0 left on base; Oakland 1 - Seattle 7 |
TOP OF THE 9TH |
Oakland Athletics batting - Pitching for Seattle Mariners : RHP Jake Underhill
|
Pitching: RHP Willie Sanchez
|
|
Batting: LHB Tomas Segarra
|
0-0: Ball 1-0: Ball 2-0: Ground out 5-3 (Groundball, 56, EV 103.1 MPH)
|
Batting: LHB Juan Concepcion
|
0-0: Ball 1-0: Foul Ball, location: 2F 1-1: Called Strike 1-2: Strikes out looking
|
Batting: RHB Jason May
|
0-0: Ball 1-0: Ball 2-0: Swinging Strike 2-1: Ball 3-1: Base on Balls
|
Batting: LHB Al Hernandez
|
0-0: Called Strike 0-1: Swinging Strike 0-2: Ball 1-2: Strikes out swinging
|
Top of the 9th over - 0 runs, 0 hits, 0 errors, 1 left on base; Oakland 1 - Seattle 7 |
|